TOP OF THE 1ST |
Jersey Shore D-Bags batting - Pitching for Niagara Falls Frenzy : RHP Luis López
|
Pitching: RHP Luis López
|
|
Batting: RHB Ricardo González
|
0-0: Ball 1-0: Called Strike 1-1: Fly out, F9 (Line Drive, 9)
|
Batting: RHB Millard Boyd
|
0-0: Foul Ball, location: 2F 0-1: Ball 1-1: SINGLE (Line Drive, 7S)
|
Batting: LHB Dave Dodd
|
0-0: Called Strike 0-1: Fly out, F8 (Flyball, 8LS)
|
Batting: RHB Miguel Serna
|
0-0: Fly out, F9 (Flyball, 89D)
|
Top of the 1st over - 0 run(s), 1 hit(s), 0 error(s), 1 left on base; Jersey Shore 0 - Niagara Falls 0 |
BOTTOM OF THE 1ST |
Niagara Falls Frenzy batting - Pitching for Jersey Shore D-Bags : LHP Ramón Ruíz
|
Pitching: LHP Ramón Ruíz
|
|
Batting: RHB Tomás Estrada
|
0-0: Called Strike 0-1: Fly out, F1 (Line Drive, 15S)
|
Batting: RHB Zander Tremblett
|
0-0: Ball 1-0: Swinging Strike 1-1: Foul Ball, location: 2F 1-2: Ball 2-2: Strikes out looking
|
Batting: LHB Clyde Yarbrough
|
0-0: Called Strike 0-1: Fly out, F9 (Line Drive, 9LD)
|
Bottom of the 1st over - 0 run(s), 0 hit(s), 0 error(s), 0 left on base; Jersey Shore 0 - Niagara Falls 0 |
TOP OF THE 2ND |
Jersey Shore D-Bags batting - Pitching for Niagara Falls Frenzy : RHP Luis López
|
Batting: RHB Alfredo Rivera
|
0-0: Ball 1-0: Fly out, F8 (Flyball, 8RS)
|
Batting: RHB Derek Ramsey
|
0-0: SINGLE (Groundball, 6MD)
|
Batting: RHB Luis Ríos
|
0-0: SINGLE (Groundball, 56S) (infield hit) Derek Ramsey to second
|
Batting: LHB José Esparza
|
0-0: Ball 1-0: Ball 2-0: Fielders Choice at 2nd, 3-6 (Groundball, 34) Derek Ramsey to third
|
Batting: RHB Cy Keynes
|
0-0: Ball José Esparza steals 2nd base 1-0: Ball 2-0: Called Strike 2-1: Foul Ball, location: 2F 2-2: Ball 3-2: TRIPLE (Line Drive, 5L) Derek Ramsey scores José Esparza scores
|
Batting: RHB Ricardo González
|
0-0: Fly out, F7 (Flyball, 7)
|
Top of the 2nd over - 2 run(s), 3 hit(s), 0 error(s), 1 left on base; Jersey Shore 2 - Niagara Falls 0 |
BOTTOM OF THE 2ND |
Niagara Falls Frenzy batting - Pitching for Jersey Shore D-Bags : LHP Ramón Ruíz
|
Batting: LHB Dante Owens
|
0-0: Ball 1-0: Ball 2-0: Swinging Strike 2-1: SINGLE (Flyball, 78S) - OUT at second base trying to stretch hit.
|
Batting: SHB Martín De Jesús
|
0-0: Ball 1-0: Foul Ball, location: 2F 1-1: Ground out 5-3 (Groundball, 56)
|
Batting: LHB Leo Wyeth
|
0-0: Called Strike 0-1: Ball 1-1: DOUBLE (Line Drive, 3D)
|
Batting: RHB Ángel Hinojosa
|
0-0: Ball 1-0: Called Strike 1-1: Ground out 6-3 (Groundball, 6)
|
Bottom of the 2nd over - 0 run(s), 2 hit(s), 0 error(s), 1 left on base; Jersey Shore 2 - Niagara Falls 0 |
TOP OF THE 3RD |
Jersey Shore D-Bags batting - Pitching for Niagara Falls Frenzy : RHP Luis López
|
Batting: RHB Millard Boyd
|
0-0: Ball 1-0: Ball 2-0: Called Strike 2-1: Ground out 6-3 (Groundball, 6)
|
Batting: LHB Dave Dodd
|
0-0: Ball 1-0: Ball 2-0: Foul Ball, location: 2F 2-1: SINGLE (Groundball, 56D)
|
Batting: RHB Miguel Serna
|
0-0: Called Strike 0-1: Ball 1-1: Foul Ball, location: 2F 1-2: Grounds into double play, 6-4-3 (Groundball, 6)
|
Top of the 3rd over - 0 run(s), 1 hit(s), 0 error(s), 0 left on base; Jersey Shore 2 - Niagara Falls 0 |
BOTTOM OF THE 3RD |
Niagara Falls Frenzy batting - Pitching for Jersey Shore D-Bags : LHP Ramón Ruíz
|
Batting: SHB Dave MacThomas
|
0-0: Ball 1-0: Ball 2-0: Called Strike 2-1: Ball 3-1: SINGLE (Groundball, 6MD)
|
Batting: LHB Bill Hall
|
0-0: Ball 1-0: Fly out, F7 (Flyball, 7LMF)
|
Batting: RHB Tomás Estrada
|
0-0: Ball 1-0: Foul Ball, location: 2F 1-1: Foul Ball, location: 2F 1-2: Strikes out looking
|
Batting: RHB Zander Tremblett
|
0-0: Ball 1-0: Called Strike 1-1: Ball 2-1: Ball 3-1: Base on Balls Dave MacThomas to second
|
Batting: LHB Clyde Yarbrough
|
0-0: Called Strike 0-1: Foul Ball, location: 2F 0-2: Hit by Pitch Dave MacThomas to third Zander Tremblett to second
|
Batting: LHB Dante Owens
|
0-0: Called Strike 0-1: Ball 1-1: Foul Ball, location: 2F 1-2: Fly out, F4 (Popup, 4D)
|
Bottom of the 3rd over - 0 run(s), 1 hit(s), 0 error(s), 3 left on base; Jersey Shore 2 - Niagara Falls 0 |
TOP OF THE 4TH |
Jersey Shore D-Bags batting - Pitching for Niagara Falls Frenzy : RHP Luis López
|
Batting: RHB Alfredo Rivera
|
0-0: Called Strike 0-1: DOUBLE (Line Drive, 89XD)
|
Batting: RHB Derek Ramsey
|
0-0: Called Strike 0-1: Foul Ball, location: 2F 0-2: Ball 1-2: Foul Ball, location: 2F 1-2: Foul Ball, location: 2F 1-2: Ball 2-2: Foul Ball, location: 2F 2-2: SINGLE (Line Drive, 6D) Alfredo Rivera to third Runner from 3rd tries for Home, SAFE, no throw
|
Batting: RHB Luis Ríos
|
0-0: Ball 1-0: SINGLE (Groundball, 34D) Derek Ramsey to second Runner from 2nd tries for 3rd, OUT! Luis Ríos to second
|
Batting: LHB José Esparza
|
0-0: Called Strike 0-1: Called Strike 0-2: Strikes out looking
|
Batting: RHB Cy Keynes
|
0-0: Foul Ball, location: 2F 0-1: Ground out 5-3 (Groundball, 5L)
|
Top of the 4th over - 1 run(s), 3 hit(s), 0 error(s), 1 left on base; Jersey Shore 3 - Niagara Falls 0 |
BOTTOM OF THE 4TH |
Niagara Falls Frenzy batting - Pitching for Jersey Shore D-Bags : LHP Ramón Ruíz
|
Batting: SHB Martín De Jesús
|
0-0: Ball 1-0: Swinging Strike 1-1: Fly out, F5 (Popup, 5S)
|
Batting: LHB Leo Wyeth
|
0-0: Fly out, F8 (Flyball, 78D)
|
Batting: RHB Ángel Hinojosa
|
0-0: Ball 1-0: Called Strike 1-1: SINGLE (Line Drive, 6MD)
|
Batting: SHB Dave MacThomas
|
0-0: Ball 1-0: Called Strike 1-1: Ball 2-1: Fly out, F9 (Line Drive, 9LM)
|
Bottom of the 4th over - 0 run(s), 1 hit(s), 0 error(s), 1 left on base; Jersey Shore 3 - Niagara Falls 0 |
TOP OF THE 5TH |
Jersey Shore D-Bags batting - Pitching for Niagara Falls Frenzy : RHP Luis López
|
Batting: RHB Ricardo González
|
0-0: Called Strike 0-1: Foul Ball, location: 2F 0-2: Ball 1-2: Ball 2-2: Foul Ball, location: 2F 2-2: Foul Ball, location: 2F 2-2: Fly out, F8 (Flyball, 8LXD)
|
Batting: RHB Millard Boyd
|
0-0: Foul Ball, location: 2F 0-1: Called Strike 0-2: Foul Ball, location: 2F 0-2: Ball 1-2: Ball 2-2: Foul Ball, location: 2F 2-2: Ground out 6-3 (Groundball, 6)
|
Batting: LHB Dave Dodd
|
0-0: Called Strike 0-1: Foul Ball, location: 2F 0-2: Ball 1-2: SINGLE (Line Drive, 7S)
|
Batting: RHB Miguel Serna
|
0-0: Ball Dave Dodd steals 2nd base 1-0: Ball 2-0: Foul Ball, location: 2F 2-1: Called Strike 2-2: SINGLE (Groundball, 34D) Dave Dodd to third Runner from 3rd tries for Home, SAFE, no throw
|
Batting: RHB Alfredo Rivera
|
0-0: Ground out 6-3 (Groundball, 6S)
|
Top of the 5th over - 1 run(s), 2 hit(s), 0 error(s), 1 left on base; Jersey Shore 4 - Niagara Falls 0 |
BOTTOM OF THE 5TH |
Niagara Falls Frenzy batting - Pitching for Jersey Shore D-Bags : LHP Ramón Ruíz
|
Batting: LHB Bill Hall
|
0-0: Ball 1-0: Ball 2-0: Called Strike 2-1: Ground out U3 (Groundball, 3)
|
Batting: RHB Tomás Estrada
|
0-0: Called Strike 0-1: Ball 1-1: Fly out, F9 (Flyball, 9LMF)
|
Batting: RHB Zander Tremblett
|
0-0: Swinging Strike 0-1: Fly out, F9 (Flyball, 9S)
|
Bottom of the 5th over - 0 run(s), 0 hit(s), 0 error(s), 0 left on base; Jersey Shore 4 - Niagara Falls 0 |
TOP OF THE 6TH |
Jersey Shore D-Bags batting - Pitching for Niagara Falls Frenzy : RHP Luis López
|
Batting: RHB Derek Ramsey
|
0-0: Ball 1-0: Ball 2-0: Called Strike 2-1: Swinging Strike 2-2: Ball 3-2: Strikes out swinging
|
Batting: RHB Luis Ríos
|
0-0: Foul Ball, location: 2F 0-1: Swinging Strike 0-2: Foul Ball, location: 2F 0-2: SINGLE (Line Drive, 4MD)
|
Batting: LHB José Esparza
|
0-0: Called Strike 0-1: Swinging Strike 0-2: Ball 1-2: Ball 2-2: Ball 3-2: Base on Balls Luis Ríos to second
|
Batting: RHB Cy Keynes
|
0-0: Ball Luis Ríos steals 3rd base José Esparza to second 1-0: Fly out, F2 (Popup, 2L)
|
Batting: RHB Ricardo González
|
0-0: Ball 1-0: Called Strike 1-1: SINGLE (Groundball, 4MD) Luis Ríos scores José Esparza to third Runner from 3rd tries for Home, SAFE, no throw
|
Pitching: RHP Nathan Thornton
|
|
Batting: RHB Millard Boyd
|
0-0: Fielders Choice at 2nd, 6-4 (Groundball, 6)
|
Top of the 6th over - 2 run(s), 2 hit(s), 0 error(s), 0 left on base; Jersey Shore 6 - Niagara Falls 0 |
BOTTOM OF THE 6TH |
Niagara Falls Frenzy batting - Pitching for Jersey Shore D-Bags : LHP Ramón Ruíz
|
Batting: LHB Clyde Yarbrough
|
0-0: Ball 1-0: Swinging Strike 1-1: Fly out, F6 (Popup, 6)
|
Batting: LHB Dante Owens
|
0-0: Foul Ball, location: 2F 0-1: Called Strike 0-2: TRIPLE (Flyball, 89XD)
|
Batting: SHB Martín De Jesús
|
0-0: Called Strike 0-1: Ball 1-1: Foul Ball, location: 2F 1-2: Ball 2-2: Ball 3-2: DOUBLE (Line Drive, 7LD) Dante Owens scores
|
Batting: LHB Leo Wyeth
|
0-0: Ball 1-0: Ball 2-0: Foul Ball, location: 2F 2-1: Swinging Strike 2-2: Ball 3-2: SINGLE (Groundball, 4MD) Martín De Jesús to third
|
Batting: RHB Ángel Hinojosa
|
0-0: Called Strike 0-1: Ball 1-1: Foul Ball, location: 2F 1-2: Strikes out swinging
|
Batting: SHB Dave MacThomas
|
0-0: Foul Ball, location: 2F 0-1: Foul Ball, location: 2F 0-2: Fielders Choice at 2nd, 6-4 (Groundball, 56)
|
Bottom of the 6th over - 1 run(s), 3 hit(s), 0 error(s), 1 left on base; Jersey Shore 6 - Niagara Falls 1 |
TOP OF THE 7TH |
Jersey Shore D-Bags batting - Pitching for Niagara Falls Frenzy : RHP Nathan Thornton
|
Batting: LHB Dave Dodd
|
0-0: Ball 1-0: Called Strike 1-1: Ball 2-1: SOLO HOME RUN (Flyball, 9D), Distance : 454 ft
|
Batting: RHB Miguel Serna
|
0-0: Called Strike 0-1: Ball 1-1: Swinging Strike 1-2: Ball 2-2: Ball 3-2: Foul Ball, location: 2F 3-2: Strikes out swinging
|
Batting: RHB Alfredo Rivera
|
0-0: Called Strike 0-1: Called Strike 0-2: Foul Ball, location: 2F 0-2: Ground out 5-3 (Groundball, 5)
|
Batting: RHB Derek Ramsey
|
0-0: SINGLE (Groundball, 6D)
|
Batting: RHB Luis Ríos
|
0-0: Ball 1-0: Ball 2-0: Called Strike 2-1: Ball 3-1: Base on Balls Derek Ramsey to second
|
Batting: LHB José Esparza
|
0-0: Foul Ball, location: 2F 0-1: Ball 1-1: Swinging Strike 1-2: Foul Ball, location: 2F 1-2: Foul Ball, location: 2F 1-2: Strikes out looking
|
Top of the 7th over - 1 run(s), 2 hit(s), 0 error(s), 2 left on base; Jersey Shore 7 - Niagara Falls 1 |
BOTTOM OF THE 7TH |
Niagara Falls Frenzy batting - Pitching for Jersey Shore D-Bags : LHP Ramón Ruíz
|
Pitching: LHP José Zamora
|
|
Batting: LHB Bill Hall
|
0-0: Ball 1-0: Fly out, F8 (Flyball, 8RS)
|
Batting: RHB Tomás Estrada
|
0-0: Ball 1-0: Foul Ball, location: 2F 1-1: Fly out, F9 (Flyball, 9D)
|
Batting: RHB Zander Tremblett
|
0-0: Called Strike 0-1: Ball 1-1: Ground out 6-3 (Groundball, 6)
|
Bottom of the 7th over - 0 run(s), 0 hit(s), 0 error(s), 0 left on base; Jersey Shore 7 - Niagara Falls 1 |
TOP OF THE 8TH |
Jersey Shore D-Bags batting - Pitching for Niagara Falls Frenzy : RHP Nathan Thornton
|
Batting: RHB Cy Keynes
|
0-0: Called Strike 0-1: Swinging Strike 0-2: Fly out, F6 (Line Drive, 6)
|
Batting: RHB Ricardo González
|
0-0: Ball 1-0: Ball 2-0: Ball 3-0: Called Strike 3-1: Base on Balls
|
Batting: RHB Millard Boyd
|
Pickoff Throw to First - Error! E1 Ricardo González to second 0-0: Called Strike 0-1: Ball 1-1: Ball 2-1: Foul Ball, location: 2F 2-2: Ball 3-2: Foul Ball, location: 2F 3-2: SINGLE (Groundball, 34D) Ricardo González to third Runner from 3rd tries for Home, SAFE, throw made home Millard Boyd to second
|
Batting: LHB Dave Dodd
|
0-0: Called Strike Millard Boyd steals 3rd base 0-1: Ball 1-1: Reached on error, E4 (Groundball, 4) Millard Boyd scores
|
Pitching: RHP Alonso Jiménez
|
|
Batting: RHB Miguel Serna
|
0-0: Ball 1-0: Ball 2-0: Ball 3-0: Swinging Strike 3-1: Swinging Strike 3-2: Fly out, F9 (Flyball, 9D) Runner from 2nd tags up, SAFE at 3rd, no throw
|
Batting: RHB Alfredo Rivera
|
0-0: Foul Ball, location: 2F 0-1: Ball 1-1: Foul Ball, location: 2F 1-2: SINGLE (Groundball, 56D) Dave Dodd scores
|
Batting: RHB Derek Ramsey
|
0-0: Ball 1-0: Ball 2-0: Called Strike 2-1: Fly out, F9 (Flyball, 89M)
|
Top of the 8th over - 3 run(s), 2 hit(s), 2 error(s), 1 left on base; Jersey Shore 10 - Niagara Falls 1 |
BOTTOM OF THE 8TH |
Niagara Falls Frenzy batting - Pitching for Jersey Shore D-Bags : LHP José Zamora
|
Batting: LHB Clyde Yarbrough
|
0-0: Ball 1-0: Swinging Strike 1-1: Foul Ball, location: 2F 1-2: Strikes out swinging
|
Batting: LHB Dante Owens
|
0-0: Ground out 4-3 (Groundball, 4)
|
Batting: SHB Martín De Jesús
|
0-0: Called Strike 0-1: Fly out, F9 (Flyball, 9D)
|
Bottom of the 8th over - 0 run(s), 0 hit(s), 0 error(s), 0 left on base; Jersey Shore 10 - Niagara Falls 1 |
TOP OF THE 9TH |
Jersey Shore D-Bags batting - Pitching for Niagara Falls Frenzy : RHP Alonso Jiménez
|
Pinch Hitting: RHB Jason Erickson
|
0-0: Swinging Strike 0-1: Ground out 5-3 (Groundball, 56)
|
Batting: LHB José Esparza
|
0-0: Foul Ball, location: 2F 0-1: Ground out 4-3 (Groundball, 4)
|
Batting: RHB Cy Keynes
|
0-0: Swinging Strike 0-1: Foul Ball, location: 2F 0-2: Ball 1-2: Foul Ball, location: 2F 1-2: Strikes out swinging
|
Top of the 9th over - 0 run(s), 0 hit(s), 0 error(s), 0 left on base; Jersey Shore 10 - Niagara Falls 1 |
BOTTOM OF THE 9TH |
Niagara Falls Frenzy batting - Pitching for Jersey Shore D-Bags : LHP José Zamora
|
Now at C: Jason Erickson
|
|
Batting: LHB Leo Wyeth
|
0-0: Called Strike 0-1: Ball 1-1: SINGLE (Groundball, 4D)
|
Batting: RHB Ángel Hinojosa
|
0-0: Ball 1-0: Called Strike 1-1: Fly out, F5 (Popup, 5)
|
Batting: SHB Dave MacThomas
|
0-0: Called Strike 0-1: Foul Ball, location: 2F 0-2: Ball 1-2: Ball 2-2: Strikes out swinging
|
Pinch Hitting: RHB Cordell Gibson
|
0-0: Ball 1-0: Called Strike 1-1: Foul Ball, location: 2F 1-2: Foul Ball, location: 2F 1-2: Foul Ball, location: 2F 1-2: Fly out, F8 (Flyball, 89D)
|
Bottom of the 9th over - 0 run(s), 1 hit(s), 0 error(s), 1 left on base; Jersey Shore 10 - Niagara Falls 1 |
|